 Dungeon Crawl Stone Soup version 0.30-a0-341-g682706514a (webtiles) character file.

Game seed: 9227926018138160924

28297 purpskrrrp the Thaumaturge (level 13, -2/75 HPs)
             Began as a Djinni Fire Elementalist on Nov 2, 2022.
             Was an Elder of Makhleb.
             Shot with an arrow by a centaur warrior (17 damage)
             ... on level 13 of the Dungeon.
             The game lasted 00:46:34 (14194 turns).

purpskrrrp the Thaumaturge (DjFE)                  Turns: 14194, Time: 00:46:35

Health: -2/75      AC: 20    Str: 20    XL:     13   Next: 72%
Gold:   661        EV: 19    Int: 21    God:    Makhleb [****..] SH:  4 Dex: 13

rFire   + + +      SeeInvis .    o - +10 war axe "Fump" {spect, Drain rF+ rN+}
rCold   . . .      Faith    .    (no shield)
rNeg    + . .      Spirit   .    B - +5 scale mail of Zijeown {rC+ Str+3}
rPois   ∞          Reflect  .    e - +2 helmet
rElec   .          Harm     .    z - scarf {shadows}
rCorr   .          Rampage  .    G - +2 pair of gloves
Will    +....                    (boots unavailable)
Stlth   ++........               (no amulet)
HPRegen 0.32/turn                p - +4 ring of evasion
MPRegen 0.00/turn                g - +6 ring of strength

@: flying
A: sickness immunity, fire resistance 2, cold vulnerability 1, float, innate
caster, HP casting, extra vitality 1, large bone plates 1, strong 1
a: Renounce Religion, Minor Destruction, Lesser Servant of Makhleb, Major
Destruction


You were on level 13 of the Dungeon.
You worshipped Makhleb.
Makhleb was greatly pleased with you.
You visited 2 branches of the dungeon, and saw 14 of its levels.

You collected 908 gold pieces.
You spent 247 gold pieces at shops.

Inventory:

Hand Weapons
 m - a +0 whip of flaming
 o - the +10 war axe "Fump" (weapon) {spect, Drain rF+ rN+}
   (You found it on level 4 of the Dungeon)

   When its wielder attacks, the weapon's spirit leaps out and strikes again.
   The spirit shares a part of any damage it takes with its wielder.
   rF:        It protects you from fire.
   rN:        It protects you from negative energy.
   Drain:     It drains your maximum health when unequipped.
 r - a +0 executioner's axe of freezing
Missiles
 C - a throwing net
Armour
 a - a +0 robe
 e - a +2 helmet (worn)
 z - a scarf of shadows (worn)
 A - a +5 ring mail
 B - the +5 scale mail of Zijeown (worn) {rC+ Str+3}
   (You found it on level 7 of the Dungeon)

   Str:       It affects your strength (+3).
   rC:        It protects you from cold.
 G - a +2 pair of gloves (worn)
Jewellery
 b - a ring of protection from cold
 g - a +6 ring of strength (right hand)
 p - a +4 ring of evasion (left hand)
 w - a +6 ring of strength
 D - a ring of fire
Wands
 h - a wand of acid (8)
 j - a wand of digging (10)
 y - a wand of polymorph (5)
 E - a wand of flame (8)
 F - a wand of iceblast (7)
Scrolls
 f - a scroll of magic mapping
 s - 4 scrolls of teleportation
 x - a scroll of enchant armour
 I - 2 scrolls of amnesia
 K - 4 scrolls of identify
 L - a scroll of poison
Potions
 c - 6 potions of curing
 d - 3 potions of lignification
 i - a potion of ambrosia
 k - 5 potions of might
 l - 4 potions of brilliance
 n - a potion of resistance
 q - 2 potions of haste
 t - 3 potions of flight
 u - 2 potions of cancellation
 v - 3 potions of attraction
 H - 2 potions of heal wounds
 J - 2 potions of berserk rage


   Skills:
 + Level 9.6 Armour
 + Level 12.5 Dodging
 - Level 5.7 Stealth
 * Level 12.5 Spellcasting


You had 5 spell levels left.
You knew the following spells:

 Your Spells              Type           Power      Damage    Failure   Level
a - Foxfire               Conj/Fire      100%       2x1d9     1%          1
b - Scorch                Fire           100%       2d10      1%          2
c - Kindle Blastsparks    Fire/Tloc/Air  100%       2d18      1%          3
d - Inner Flame           Hex/Fire       60%        N/A       1%          3
e - Flame Wave            Conj/Fire      60%        2d14      1%          4
f - Magic Dart            Conj           100%       1d8       1%          1
g - Momentum Strike       Conj/Tloc      100%       3d10      1%          2
h - Lesser Beckoning      Tloc           100%       N/A       1%          3
i - Manifold Assault      Tloc           60%        N/A       1%          4
j - Summon Lightning Spi  Summ/Air       60%        N/A       1%          4
k - Summon Mana Viper     Hex/Summ       60%        N/A       1%          5
Your spell library was empty.

Dungeon Overview and Level Annotations

Branches:
Dungeon (13/15)            Temple (1/1) D:6            Lair (0/5) D:10
    Orc (0/2) D:9
 Vaults: D:13-14

Altars:
Ashenzari
Cheibriados
Dithmenos
Elyvilon
Fedhas
Gozag
Hepliaklqana
Makhleb
Nemelex Xobeh
Okawaru
Qazlal
Ru
Trog
Uskayaw
Wu Jian
Xom
Yredelemnul
Zin
The Shining One

Shops:
D:4 :*   D:9 [   D:11 **

Annotations:
D:9 1 runed translucent door
D:11 3 runed translucent doors, lunkers's ghost, journeyman MeAE


Innate Abilities, Weirdness & Mutations

You are immune to sickness and miasma.
You are immune to poison.
Your flesh is very heat resistant. (rF++)
You are vulnerable to cold. (rC-)
You float through the air rather than walking.
You learn spells naturally, not from books.
Your magical power is your life essence.
You have superior vitality. (+4 MHP)
You are partially covered in large bone plates. (SH +4)
Your muscles are strong. (Str +4, Int/Dex -1)


Message History

The merfolk aquamancer is engulfed in a cloud of scalding steam.
Your mana viper barely misses the cyclops.
The merfolk aquamancer is engulfed in a cloud of scalding steam.
The cyclops closely misses your mana viper.
Your mana viper bites the cyclops but does no damage.
The merfolk aquamancer is engulfed in a cloud of scalding steam.
Casting: Summon Mana Viper (dangerous; 1% risk of failure)
Confirm with . or Enter, or press ? or * to list all spells.
A cloud of volatile blastsparks flares up around you!
* * * LOW HITPOINT WARNING * * *
Your mana viper bites the cyclops but does no damage.
The merfolk aquamancer is engulfed in a cloud of scalding steam.
The cyclops hits your mana viper!!
Your mana viper dies!
Your mana viper disappears in a puff of smoke!
The merfolk aquamancer is engulfed in a cloud of scalding steam. x2
The merfolk aquamancer mumbles some strange words.
The merfolk aquamancer blinks!
Casting: Kindle Blastsparks (safe; 1% risk of failure)
Confirm with . or Enter, or press ? or * to list all spells.
A cloud of volatile blastsparks flares up around you!
* * * LOW HITPOINT WARNING * * *
Casting: Kindle Blastsparks (safe; 1% risk of failure)
Confirm with . or Enter, or press ? or * to list all spells.
A cloud of volatile blastsparks flares up around you!
* * * LOW HITPOINT WARNING * * *
You see here a +0 quarterstaff.
There is an open door here.
Makhleb accepts your kill.
You feel better.
You feel a bit more experienced.
The centaur warrior shoots an arrow.
The arrow hits you.
* * * LOW HITPOINT WARNING * * *
There is an open door here.
You are too injured to fight recklessly!
Casting: Foxfire (safe; 1% risk of failure)
Press: ? - help, Q - select action, (/) - cycle Dir - look around, f - activate You conjure some foxfire!
* * * LOW HITPOINT WARNING * * *
The centaur warrior shoots an arrow.
The arrow hits you!
You die...

#.##~♣~♣~,* ###.#.#.#.#.'[# #...
#....♣~P.,* #.#.#.#.#.### #...
#.######*** #.....#...# #...
#.......,,* #####'##### #...
####.###*** #..# ####
****,.>******* #####)#######
.#.,,,.#,,,*,* #....÷......# ###
...***,#,**#.####v^.........# #..
...*,,,*,,,..##.@v..........###..
~..,,*,****#.##.#...........#....
...,,*,,,,,#.#..#...........#.#..
..)#########.#.##...........'.#..
.'c~c.C....#.#.##...........###..
..c#######.#)c.############## #..
...,,,,,,#...### ###
~..*,****##### ...*,*


You could see a centaur warrior (ally target).

Vanquished Creatures
  Rupert (D:12)
  4 two-headed ogres
  Nergalle (D:11)
  A tengu warrior (D:13)
  3 skeletal warriors
  Pikel (D:3)
  2 deep elf pyromancers
  An ugly thing (D:12)
  2 cyclopes
  3 manticores
  2 water nymphs (D:13)
  A gargoyle (D:12)
  2 tengu conjurers (D:13)
  An unseen horror (D:10)
  2 kobold demonologists
  An efreet (D:10)
  A meliai (shapeshifter) (D:10)
  5 trolls
  14 slime creatures (D:12)
  Grinder (D:3)
  4 vampires
  A water elemental (D:13)
  3 shadows
  A basilisk (D:12)
  2 wraiths
  12 yaks
  6 wyverns
  8 vampire mosquitoes
  4 water moccasins
  2 sky beasts (D:6)
  7 orc warriors
  4 black bears
  An ice beast (D:6)
  5 centaurs
  A phantom (D:4)
  2 kobold brigands (D:9)
  3 bullfrogs
  A necrophage (D:6)
  5 gnoll sergeants
  5 scorpions
  13 wights
  5 killer bees (D:9)
  6 electric eels (D:13)
  A howler monkey (D:10)
  4 hounds
  A jelly (D:5)
  10 orc priests
  Terence (D:3)
  3 iguanas
  6 orc wizards
  8 gnolls
  13 adders
  3 shadow imps
  5 white imps
  An ufetubus (D:7)
  5 worms
  4 dart slugs
  29 orcs
  8 ball pythons
  6 bats
  5 endoplasms
  5 giant cockroaches
  4 goblins
  5 hobgoblins
  2 quokkas
  3 frilled lizards
  14 kobolds
  A kobold zombie (D:9)
  6 rats
303 creatures vanquished.

Vanquished Creatures (collateral kills)
  A boulder beetle (D:11)
  A skeletal warrior (D:12)
  3 yaks (D:11)
  A foxfire (D:13)
6 creatures vanquished.

Vanquished Creatures (others)
  A slime creature (D:10)
  A lemure (D:3)
  A bullfrog (D:7)
  2 kobolds (D:3)
  1199 foxfires
  59 plants
1263 creatures vanquished.

Grand Total: 1572 creatures vanquished

Notes
Turn   | Place    | Note
-------+----------+-------------------------------------------
     0 | D:1      | purpskrrrp the Djinni Fire Elementalist began the quest for
                  | the Orb.
     0 | D:1      | purpskrrrp set off with the following spells memorised:
                  | Foxfire, Scorch, Kindle Blastsparks, Inner Flame, Flame
                  | Wave.
     0 | D:1      | Reached XP level 1. HP: 15/15 MP: 0/0
   106 | D:1      | Reached XP level 2. HP: 18/21 MP: 0/0
   340 | D:1      | Reached XP level 3. HP: 21/25 MP: 0/0
   340 | D:1      | Learned a level 1 spell: Magic Dart
   857 | D:2      | Reached XP level 4. HP: 23/31 MP: 0/0
  1493 | D:2      | Found a faded altar of an unknown god.
  1511 | D:2      | Found a bloodstained altar of Trog.
  1634 | D:2      | Reached XP level 5. HP: 32/35 MP: 0/0
  1634 | D:2      | Learned a level 2 spell: Momentum Strike
  2356 | D:3      | Noticed Grinder
  2360 | D:3      | Paralysed by Grinder for 2 turns
  2373 | D:3      | Killed Grinder
  2374 | D:3      | Reached XP level 6. HP: 22/40 MP: 0/0
  2628 | D:3      | Noticed Terence
  2633 | D:3      | Killed Terence
  2650 | D:3      | Found a sparkling altar of Nemelex Xobeh.
  3005 | D:4      | Noticed Pikel
  3044 | D:3      | Killed Pikel
  3045 | D:3      | Reached XP level 7. HP: 30/45 MP: 0/0
  3045 | D:3      | Learned a level 3 spell: Lesser Beckoning
  3210 | D:4      | Noticed a +0 falchion
  3210 | D:4      | Noticed a +0 short sword
  3210 | D:4      | Noticed a +0 dagger
  3210 | D:4      | Noticed a +0 spear
  3210 | D:4      | Noticed a +0 dagger
  3212 | D:4      | Noticed a +0 falchion
  3212 | D:4      | Noticed a +0 short sword
  3212 | D:4      | Noticed a +0 spear
  3227 | D:4      | Identified the +10 war axe "Fump" {spect, Drain rF+ rN+}
  3252 | D:4      | Found a hide-covered altar of Uskayaw.
  3259 | D:4      | Reached skill level 5 in Spellcasting
  3328 | D:4      | Found Ceyzousega's Book Emporium.
  3451 | D:4      | Found an iron altar of Okawaru.
  3707 | D:4      | Reached skill level 5 in Dodging
  3707 | D:4      | Reached XP level 8. HP: 45/50 MP: 0/0
  3762 | D:4      | Found Dyud's General Store.
  4030 | D:5      | Entered Level 5 of the Dungeon
  4445 | D:5      | Found a faded altar of an unknown god.
  4446 | D:5      | Found a hazy altar of Hepliaklqana.
  5114 | D:6      | Reached XP level 9. HP: 51/55 MP: 0/0
  5114 | D:6      | Learned a level 4 spell: Manifold Assault
  5117 | D:6      | Reached skill level 5 in Stealth
  5649 | D:6      | Found a staircase to the Ecumenical Temple.
  5713 | D:6      | Found a white marble altar of Elyvilon.
  6052 | Temple   | Entered the Ecumenical Temple
  6090 | Temple   | Became a worshipper of Makhleb the Destroyer
  6410 | D:7      | Reached skill level 1 in Armour
  6550 | D:7      | Identified the +5 scale mail of Zijeown {rC+ Str+3}
  6577 | D:7      | Reached XP level 10. HP: 57/60 MP: 0/0
  7104 | D:8      | Reached * piety under Makhleb
  7293 | D:8      | Found a bloodstained altar of Trog.
  7480 | D:8      | Noticed a kobold demonologist
  7483 | D:8      | Noticed a rust devil
  7490 | D:8      | Noticed a sun demon
  7493 | D:8      | Killed a kobold demonologist
  7893 | D:8      | Gained mutation: You do not regenerate when monsters are
                  | visible. [potion of mutation]
  7893 | D:8      | Lost mutation: You do not regenerate when monsters are
                  | visible. [potion of mutation]
  7894 | D:8      | Gained mutation: Your muscles are strong. (Str +4, Int/Dex
                  | -1) [potion of mutation]
  7894 | D:8      | Gained mutation: You are partially covered in large bone
                  | plates. (SH +4) [potion of mutation]
  8159 | D:9      | Identified the +5 hand axe "Zaoladots" {venom, rPois rF+
                  | Dex+4}
  8384 | D:9      | Reached XP level 11. HP: 65/65 MP: 0/0
  8384 | D:9      | Learned a level 4 spell: Summon Lightning Spire
  8567 | D:9      | Reached ** piety under Makhleb
  8609 | D:9      | Found Susut's Armour Shoppe.
  8610 | D:9      | Found a staircase to the Orcish Mines.
  8623 | D:9      | Bought a +2 pair of gloves for 247 gold pieces
  8716 | D:9      | Found a runed translucent door.
  8717 | D:9      | Found a basalt altar of Yredelemnul.
  8892 | D:9      | Noticed a two-headed ogre
  8898 | D:9      | Killed a two-headed ogre
  8899 | D:9      | Reached skill level 5 in Armour
  9157 | D:10     | Entered Level 10 of the Dungeon
  9157 | D:10     | Found a staircase to the Lair.
  9358 | D:10     | Noticed a deep elf pyromancer
  9367 | D:10     | Killed a deep elf pyromancer
  9850 | D:10     | Reached skill level 10 in Spellcasting
  9906 | D:10     | Reached skill level 10 in Dodging
 10004 | D:10     | Noticed a two-headed ogre
 10009 | D:10     | Killed a two-headed ogre
 10226 | D:10     | Found a stormy altar of Qazlal.
 10234 | D:10     | Noticed a two-headed ogre
 10241 | D:10     | Killed a two-headed ogre
 10242 | D:10     | Reached XP level 12. HP: 58/70 MP: 0/0
 10537 | D:11     | Noticed Nergalle
 10552 | D:11     | Killed Nergalle
 10831 | D:11     | Found Cub Utzu's Assorted Antiques.
 10965 | D:11     | Reached *** piety under Makhleb
 11076 | D:11     | Noticed a boulder beetle
 11088 | D:11     | Killed a boulder beetle
 11235 | D:11     | Identified the +8 quarterstaff of Arrival {holy, *Rage
                  | rCorr Dex+2}
 11481 | D:11     | Noticed a two-headed ogre
 11483 | D:11     | Killed a two-headed ogre
 11488 | D:11     | You are sucked into a shaft and drop 2 floors!
 12051 | D:12     | Noticed Rupert
 12053 | D:12     | Paralysed by Rupert for 3 turns
 12060 | D:12     | Killed Rupert
 12061 | D:12     | Reached XP level 13. HP: 72/75 MP: 0/0
 12061 | D:12     | Learned a level 5 spell: Summon Mana Viper
 12208 | D:12     | Reached **** piety under Makhleb
 12556 | D:11     | Found a runed translucent gate.
 12556 | D:11     | Found a runed translucent gate.
 12556 | D:11     | Found an opulent altar of Gozag.
 12558 | D:11     | Found a runed translucent gate.
 12560 | D:11     | Found Esuyfysch's Assorted Antiques.
 12560 | D:11     | Noticed a frost giant
 12564 | D:11     | Noticed lunkers's ghost (journeyman MeAE)
 14170 | D:13     | Noticed a centaur warrior
 14194 | D:13     | Shot with an arrow by a centaur warrior

Illustrated notes

Levels and vault maps discovered:
D:1:      tarquinn_simple_flora_water_f, layout_basic,
          minmay_misc_feat_more_columns, corner_web_ring
D:2:      layout_basic, basic_altar, chequers_ecumenical_altar_twisty
D:3:      layout_basic, nemelex_diamond_rough_becter, uniq_grinder, uniq_terence
D:4:      layout_loops_cross, nicolae_uskayaw_en_pointe,
          lemuel_coloured_pillars_altar, serial_shops, shop,
          nicolae_square_shop, uniq_pikel
D:5:      layout_rooms, beargit_hepliaklqana_dungeon_heroes,
          minmay_misc_feat_enclosed
D:6:      layout_cave_pods, elyvilon_altar_3, lemuel_doored_altar,
          minmay_temple_entry_gardened_gates, minmay_increasing_density
D:7:      layout_rooms, vehumet_crystals, lemuel_flamethrower_2
D:8:      layout_loops_cross, bloody_trog, chequers_serial_rivers_micro_b
D:9:      layout_loops_corners, dk_yredelemnul_ordeal, orc_david_3,
          minmay_fractal_squares_diagonal_5
D:10:     minmay_bloctagon, layout_gridville, nicolae_qazlal_scattered_showers
D:11:     layout_irregular_city, ebering_ghost_gozag, serial_shops, shop,
          uniq_nergalle
D:12:     layout_big_octagon, uniq_rupert
D:13:     layout_roguey, serial_bayou, serial_bayou_lagoon_a,
          serial_bayou_shore_b, serial_bayou_pond_b, serial_bayou_shore_b,
          serial_bayou_lake_a, nicolae_splish_splash
Temple:   hellmonk_temple_two_chambers

Skill      XL: |  1  2  3  4  5  6  7  8  9 10 11 12 13 |
---------------+----------------------------------------+-----
Stealth        | 2 3 4 5 |  5.7
Spellcasting   | 3 4 5 6 7 8 10 11 12 | 12.5
Dodging        | 3 4 5 6 7 8 10 11 12 | 12.5
Armour         | 1 4 6 8 9 |  9.6

Action                   |  1- 3 |  4- 6 |  7- 9 | 10-12 | 13-15 || total
-------------------------+-------+-------+-------+-------+-------++-------
Melee: Unarmed           |     3 |    67 |       |       |       ||    70
       War axe           |       |       |    36 |   131 |    54 ||   221
       Whip              |       |       |     2 |       |       ||     2
       Punch             |       |       |     1 |     1 |     1 ||     3
 Cast: Foxfire           |    67 |   126 |   171 |   304 |    81 ||   749
       Momentum Strike   |       |     7 |       |     2 |       ||     9
       Scorch            |       |     2 |    20 |    34 |    11 ||    67
       Flame Wave        |       |     1 |     2 |     9 |     5 ||    17
       Manifold Assault  |       |       |       |     1 |       ||     1
       Kindle Blastspark |       |       |       |    11 |     8 ||    19
       Summon Lightning  |       |       |       |     4 |     2 ||     6
       Inner Flame       |       |       |       |     2 |       ||     2
       Summon Mana Viper |       |       |       |       |     3 ||     3
  Use: Scroll            |     2 |     5 |       |    18 |     3 ||    28
       Potion            |       |     1 |       |     2 |       ||     3
 Stab: Distracted        |       |       |       |     1 |       ||     1
Armor: Robe              |     2 |    15 |     2 |       |       ||    19
       Ring mail         |       |       |     2 |       |       ||     2
       Scale mail        |       |       |       |    73 |    46 ||   119
Dodge: Dodged            |     3 |    70 |    15 |   141 |    87 ||   316
Block: Other             |       |       |       |    30 |    17 ||    47

Table legend: (Time is in decaauts)
 A = Elapsed time spent in this place.
 B = Non-inter-level travel time spent in this place.
 C = Inter-level travel time spent in this place.
 D = Time resting spent in this place.
 E = Time spent auto-exploring this place.
 F = Levels seen in this place.
 G = Mean time per level.
                   A        B        C        D        E       F      G
               +--------+--------+--------+--------+--------+-----+--------+
         Total |  14307 |  13448 |    859 |   2303 |   8696 |  14 | 1021.9 |
       Dungeon |  14263 |  13420 |    843 |   2303 |   8686 |  13 | 1097.2 |
        Temple |     43 |     28 |     15 |      0 |     10 |   1 |   43.0 |
               +--------+--------+--------+--------+--------+-----+--------+

Top non-repeatable levels by time:
    D:11: 1554 daAuts
    D:10: 1395 daAuts
    D:12: 1369 daAuts
     D:6: 1362 daAuts
     D:9: 1257 daAuts
     D:2: 1123 daAuts
     D:3: 1048 daAuts
     D:4: 973 daAuts
     D:5: 904 daAuts
     D:8: 892 daAuts
     D:1: 886 daAuts
    D:13: 787 daAuts
     D:7: 709 daAuts
  Temple: 43 daAuts
